 Dungeon Crawl Stone Soup version 0.22.1-5-g62c59d9 (webtiles) character file.

163 Yawgmoth the Magician (level 5, 0/36 HPs)
             Began as a Demonspawn Wizard on Jan 12, 2019.
             Was an Initiate of Vehumet.
             Slain by an orc wizard
             ... wielding a +0 dagger
              (4 damage)
             ... on level 3 of the Dungeon.
             The game lasted 00:11:12 (3500 turns).

Yawgmoth the Magician (Demonspawn Wizard)           Turns: 3500, Time: 00:11:12

Health: 0/36       AC:  3    Str:  8    XL:     5   Next: 20%
Magic:  16/20      EV: 12    Int: 20    God:    Vehumet [......]
Gold:   200        SH:  0    Dex: 11    Spells: 9/12 levels left

rFire    . . .     SeeInvis .   k - +0 trident (venom)
rCold    . . .     Gourm    .   (no shield)
rNeg     . . .     Faith    .   a - +0 robe
rPois    .         Spirit   .   b - +0 hat
rElec    .         Reflect  .   (no cloak)
rCorr    .         Harm     .   (no gloves)
MR       .....                  (no boots)
Stlth    ++........             (no amulet)
HPRegen  0.12/turn              i - ring of magical power {MP+9}
MPRegen  0.17/turn              (no ring)

@: no status effects
A: talons 1, rugged brown scales 1
a: Renounce Religion


You were on level 3 of the Dungeon.
You worshipped Vehumet.
Vehumet was noncommittal.
You were not hungry.

You visited 1 branch of the dungeon, and saw 3 of its levels.

You collected 200 gold pieces.

Inventory:

Hand Weapons
 k - a +0 trident of venom (weapon)
   (You found it on level 2 of the Dungeon)
Missiles
 g - a throwing net {=f, !d}
Armour
 a - a +0 robe (worn)
 b - a +0 hat (worn)
 j - a +2 plate armour of cold resistance
   (You found it on level 2 of the Dungeon)
Jewellery
 i - a ring of magical power (left hand) {MP+9}
   (You found it on level 1 of the Dungeon)
Scrolls
 c - a scroll of immolation {unknown}
 e - 2 scrolls of remove curse {unknown}
 f - 3 scrolls of identify {unknown}
 m - a scroll of random uselessness {unknown}
 n - 2 scrolls of teleportation
 o - a scroll of blinking {unknown}
 p - a scroll of enchant weapon {unknown}
 r - a scroll of fog
Potions
 h - a potion of brilliance {unknown}
 l - a potion of ambrosia {unknown}
Comestibles
 d - 10 rations
 q - 5 chunks of flesh {@w0}


   Skills:
 - Level 1.8 Dodging
 - Level 1.8 Stealth
 + Level 4.4 Spellcasting
 + Level 3.5 Conjurations
   Level 1.0 Summonings
 - Level 0.8 Translocations


You had 9 spell levels left.
You knew the following spells:

 Your Spells              Type           Power        Failure   Level  Hunger
a - Magic Dart            Conj           ###.         2%          1    None
b - Blink                 Tloc           N/A          13%         2    #......

Your spell library contained the following spells:

 Spells                   Type           Power        Failure   Level  Hunger
 Confusing Touch          Hex            #.....       12%         1    None
 Call Imp                 Summ           #.......     12%         2    #......
 Slow                     Hex            #.......     19%         2    #......
 Conjure Flame            Conj/Fire      ##......     19%         3    ###....
 Mephitic Cloud           Conj/Pois/Air  #.......     22%         3    ###....
 Gell's Gravitas          Tloc           #.........   26%         3    ###....
 Confuse                  Hex            #.......     36%         3    ###....
 Petrify                  Tmut/Erth      #.......     77%         4    ####...
 Metabolic Englaciation   Hex/Ice        #.........   98%         5    ######.
 Yara's Violent Unravell  Hex/Tmut       #.........   98%         5    ######.


Dungeon Overview and Level Annotations

Branches:
Dungeon (3/15)

Altars:
Elyvilon
Uskayaw
Vehumet


Innate Abilities, Weirdness & Mutations

You have sharp toenails.
You are partially covered in rugged brown scales. (AC +1, +3% HP)


Message History

You start resting.
MP restored: 20
There is a stone staircase leading up here.
You see here a worm corpse.
You butcher the worm corpse.
q - 4 chunks of flesh {@w0} (gained 3)
There is a stone staircase leading up here.
You now have 200 gold pieces (gained 10).
A bat comes into view.
The bat barely misses you.
You closely miss the bat. The bat closely misses you.
The bat closely misses you.
You hit the bat but do no damage.
The bat is poisoned.
The bat closely misses you.
Attack whom?
Aim: a bat (severely wounded, poisoned)
You reach to attack!
You barely miss the bat.
You kill the bat!
Vehumet accepts your kill.
You see here a bat corpse.
You butcher the bat corpse.
q - 5 chunks of flesh {@w0} (gained 1)
You see here a bat skeleton.
An orc wizard comes into view. It is wielding a dagger.
Aim: an orc wizard, wielding a dagger and wearing a robe (resting)
The magic dart hits the orc wizard.
The orc wizard shouts!
A quokka comes into view.
The orc wizard gestures wildly while chanting.
The orc wizard seems to speed up.
An orc priest comes into view. It is wielding a falchion.
You now have 19/20 mp.
An orc comes into view. It is wielding a hand axe.
Found a stone staircase leading down.
The orc wizard looks encouraged for a moment.
The quokka closely misses you.
Aim: an orc wizard, wielding a dagger and wearing a robe (lightly wounded, The magic dart hits the orc wizard.
The quokka bites you but does no damage.
You now have 18/20 mp.
You puncture the quokka!
You kill the quokka!
Vehumet accepts your kill. The orc wizard closely misses you.
The orc wizard hits you with a dagger.
You take 1 damage, and have 35/36 hp.
You miss the orc wizard.
The orc wizard hits you but does no damage.
You hit the orc wizard.
The orc wizard is poisoned.
Your kick misses the orc wizard.
The orc wizard points at you and mumbles some strange words.
The magic dart hits you! The orc hits you with a hand axe. The orc misses you.
You take 8 damage, and have 27/36 hp.
MASSIVE DAMAGE!!
You closely miss the orc wizard. The orc wizard barely misses you.
The orc wizard hits you with a dagger.
You take 1 damage, and have 26/36 hp.
The orc wizard hits you with a dagger. The orc misses you.
The orc wizard gestures at you while chanting.
The magic dart hits you!
You take 7 damage, and have 19/36 hp.
The orc priest calls upon Beogh to heal the orc wizard.
The orc wizard is healed somewhat.
MP restored: 20
Okay, then.
The orc wizard closely misses you.
You barely miss the orc wizard. Your kick misses the orc wizard.
The orc wizard hits you but does no damage.
The orc priest calls upon Beogh to heal the orc wizard.
The orc wizard is healed somewhat.
You hit the orc but do no damage.
The orc priest looks encouraged for a moment.
You barely miss the orc. The orc closely misses you.
The orc wizard looks encouraged for a moment.
The orc hits you with a hand axe!
You take 8 damage, and have 12/36 hp.
MASSIVE DAMAGE!!
Okay, then.
You blink.
You now have 18/20 mp.
Aim: an orc, wielding a hand axe The magic dart hits the orc.
You now have 17/20 mp.
Aim: an orc, wielding a hand axe (severely wounded)
The magic dart hits the orc.
You kill the orc!
Vehumet accepts your kill.
You now have 16/20 mp.
Aim: an orc wizard, wielding a dagger and wearing a robe (severely wounded, The magic dart hits the orc wizard.
The orc priest invokes the aid of Beogh against you.
Beogh smites you!
* * * LOW HITPOINT WARNING * * *
You take 7 damage, and have 6/36 hp.
You now have 15/20 mp.
You hit the orc wizard but do no damage.
The orc wizard looks even sicker.
The orc wizard closely misses you. The orc wizard hits you with a dagger.
* * * LOW HITPOINT WARNING * * *
You take 2 damage, and have 4/36 hp.
You completely miss the orc wizard. The orc wizard hits you with a dagger.
You die...

##### ######...############
##.........>.........#
##.............######.####
##..#.#o÷..................
##..##.##)...÷...######.....
#..##.oo##.......######<[.##
#.##.....##o..............#
#.#...♣...+@.....########.##
#####...###.................
#...#........##.........
#...#........###........
#.>.####.###.###........
#...# #................ ##
## #..(.............
#........P♣.)..##
#........PP.....#


You could see an orc priest and an orc wizard.

Vanquished Creatures
  A howler monkey (D:3)
  Natasha (twice) (D:2)
  2 adders (D:2)
  3 worms
  An orc (D:3)
  3 giant cockroaches
  7 goblins
  4 hobgoblins
  4 jackals (D:3)
  3 quokkas (D:3)
  A ball python (D:1)
  6 bats
  5 kobolds (D:2)
  10 rats
52 creatures vanquished.

Notes
Turn   | Place    | Note
-------+----------+-------------------------------------------
     0 | D:1      | Yawgmoth the Demonspawn Wizard began the quest for the Orb.
     0 | D:1      | Reached XP level 1. HP: 13/13 MP: 4/4
   409 | D:1      | Gained mutation: You have sharp toenails. [demonic
                  | ancestry]
   409 | D:1      | Reached XP level 2. HP: 19/19 MP: 0/6
   491 | D:1      | You fall through a shaft!
  1453 | D:2      | Reached skill level 2 in Conjurations
  1460 | D:2      | Reached XP level 3. HP: 22/24 MP: 6/8
  1574 | D:2      | Learned a level 2 spell: Blink
  2202 | D:2      | Found a white marble altar of Elyvilon.
  2246 | D:2      | Noticed Natasha
  2289 | D:2      | HP: 5/24 [Natasha (3)]
  2292 | D:2      | HP: 1/24 [Natasha (5)]
  2355 | D:2      | Found a hide-covered altar of Uskayaw.
  2579 | D:2      | Found a radiant altar of Vehumet.
  2586 | D:2      | Became a worshipper of Vehumet
  2712 | D:2      | Killed Natasha
  2712 | D:2      | Reached XP level 4. HP: 20/30 MP: 9/9
  2840 | D:2      | Noticed Natasha
  2852 | D:2      | Killed Natasha
  2852 | D:2      | Reached skill level 4 in Spellcasting
  2852 | D:2      | Reached skill level 3 in Conjurations
  3105 | D:3      | Gained mutation: You are partially covered in rugged brown
                  | scales. (AC +1, +3% HP) [demonic ancestry]
  3105 | D:3      | Reached XP level 5. HP: 27/36 MP: 11/11
  3498 | D:3      | HP: 6/36 [orc priest/divine providence (7)]
  3500 | D:3      | Slain by an orc wizard

Skill      XL: |  1  2  3  4 |
---------------+-------------+-----
Conjurations   | 2 3 |  3.5
Spellcasting   | 4 |  4.4
Dodging        | |  1.8
Stealth        | |  1.8
Summonings     | |  1.0
Translocations | |  0.8

Action                   |  1- 3 |  4- 6 || total
-------------------------+-------+-------++-------
Melee: Unarmed           |    10 |       ||    10
       Kick              |     1 |     1 ||     2
       Trident           |    10 |    25 ||    35
 Cast: Magic Dart        |   109 |    33 ||   142
       Blink             |     3 |     2 ||     5
  Use: Scroll            |     2 |       ||     2
       Potion            |     1 |       ||     1
 Stab: Sleeping          |     1 |       ||     1
  Eat: Chunk             |     5 |       ||     5
       Ration            |       |     1 ||     1
Armor: Robe              |     8 |     4 ||    12
Dodge: Dodged            |    23 |    22 ||    45

Vault maps used:
D:1:      giann_horns, minmay_tromino_v2
D:2:      eat_drink_and_be_merry_uskayaw, elyvilon_altar_3, vehumet_crystals,
          first_ration, uniq_natasha
D:3:      minmay_misc_feat_nine_boxes, grunt_ministairs_14, serial_park_tiny_1

Table legend:
 A = Turns spent in this place as a percentage of turns spent in the entire game.
 B = Non-inter-level travel turns spent in this place as a percentage of non-inter-level travel turns spent in the entire game.
 C = Inter-level travel turns spent in this place as a percentage of turns spent in this place.
 D = Turns resting spent in this place as a percentage of non-inter-level travel turns spent in this place.
 E = Turns spent auto-exploring this place as a percentage of non-inter-level travel turns spent in this place.
 F = Non-inter-level travel turns spent in this place divided by the number of levels of this place that you've seen.
                   A       B       C       D       E      F
               +-------+-------+-------+-------+-------+----------------------
         Total | 100.0 | 100.0 |   2.6 |  35.4 |  51.7 | 1136.3
       Dungeon | 100.0 | 100.0 |   2.6 |  35.4 |  51.7 | 1136.3
               +-------+-------+-------+-------+-------+----------------------

Table legend:
 A = Kills in this place as a percentage of kills in entire the game.
 B = Kills by you in this place as a percentage of kills by you in the entire game.
 C = Kills by friends in this place as a percentage of kills by friends in the entire game.
 D = Other kills in this place as a percentage of other kills in the entire game.
 E = Experience gained in this place as a percentage of experience gained in the entire game.
 F = Experience gained in this place divided by the number of levels of this place that you have seen.
                   A       B       C       D       E      F
               +-------+-------+-------+-------+-------+----------------------
         Total | 100.0 | 100.0 |   N/A |   N/A | 100.0 |  78.0
       Dungeon | 100.0 | 100.0 |   N/A |   N/A | 100.0 |  78.0
               +-------+-------+-------+-------+-------+----------------------
